 Dungeon Crawl Stone Soup version 0.27.0-1-g7a089689b8 (webtiles) character file.

Game seed: 18187867767408997141

630 ZARRMARR the Skirmisher (level 7, 0/47 (60) HPs)
             Began as a Gnoll Wanderer on Aug 8, 2021.
             Slain by a wight (7 damage)
             ... on level 4 of the Dungeon on Aug 9, 2021.
             The game lasted 00:25:03 (6142 turns).

ZARRMARR the Skirmisher (Gnoll Wanderer)            Turns: 6142, Time: 00:25:03

HP:   0/47 (60)     AC:  7    Str: 13    XL:     7   Next: 48%
MP:   10/10         EV: 11    Int: 11    God:
Gold: 123           SH:  0    Dex: 12    Spells: 11/11 levels left

rFire    + . .     SeeInvis .   k - +3 dagger
rCold    + . .     Faith    .   (no shield)
rNeg     . . .     Spirit   .   b - +0 ring mail
rPois    .         Reflect  .   (no helmet)
rElec    .         Harm     .   (no cloak)
rCorr    .         Rampage  .   n - +0 pair of gloves
Will     .....                  (no boots)
Stlth    ++........             (no amulet)
HPRegen  0.15/turn              q - ring of protection from cold
MPRegen  0.12/turn              u - ring of protection from fire

@: heavily drained
A: fangs 1, strong nose, distributed training
a: no special abilities


You were on level 4 of the Dungeon.
You visited 1 branch of the dungeon, and saw 5 of its levels.

You collected 123 gold pieces.

Inventory:

Hand Weapons
 a - a +2 hand axe
 c - a +1 dagger of venom
 k - a +3 dagger (weapon)
Missiles
 d - 21 bolts
 h - 25 poisoned darts
 j - 125 stones (quivered)
 o - a throwing net
Armour
 b - a +0 ring mail (worn)
 n - a +0 pair of gloves (worn)
Jewellery
 q - a ring of protection from cold (left hand)
 u - a ring of protection from fire (right hand)
Scrolls
 e - a scroll of torment
 f - 2 scrolls of teleportation
 g - a scroll of holy word {unknown}
 l - a scroll of brand weapon {unknown}
 m - a scroll of vulnerability {unknown}
 p - a scroll of amnesia {unknown}
 r - a scroll of noise {unknown}
Potions
 s - a potion of curing {unknown}
 t - a potion of flight {unknown}


   Skills:
 + Level 7.0 Fighting
 + Level 2.5 Short Blades
 + Level 2.5 Long Blades
 + Level 5.2 Axes
 + Level 2.5 Maces & Flails
 + Level 2.5 Polearms
 + Level 2.5 Staves
 + Level 2.5 Slings
 + Level 2.5 Bows
 + Level 3.6 Crossbows
 + Level 2.5 Throwing
 + Level 5.2 Armour
 + Level 2.5 Dodging
 + Level 4.9 Stealth
 + Level 2.5 Shields
 + Level 2.5 Unarmed Combat
 + Level 2.5 Spellcasting
 + Level 2.0 Conjurations
 + Level 2.0 Hexes
 + Level 2.0 Summonings
 + Level 2.0 Necromancy
 + Level 2.0 Translocations
 + Level 2.0 Transmutations
 + Level 2.0 Fire Magic
 + Level 2.0 Ice Magic
 + Level 2.0 Air Magic
 + Level 2.0 Earth Magic
 + Level 2.0 Poison Magic
 + Level 2.8 Invocations
 + Level 2.5 Evocations


You had 11 spell levels left.
You didn't know any spells.
Your spell library contained the following spells:

 Spells                   Type           Power      Damage    Failure   Level
 Magic Dart               Conj           20%        1d4       24%         1
 Searing Ray              Conj           10%        3d3       34%         2
 Fulminant Prism          Conj/Hex       2%         3d6       93%         4
 Olgreb's Toxic Radiance  Pois           5%         N/A       93%         4
 Ozocubu's Refrigeration  Ice            2%         4d5       100%        7
 Ignition                 Fire           2%         3d3       100%        8


Dungeon Overview and Level Annotations

Branches:
Dungeon (5/15)
 Temple: D:4-7

Altars:

Shops:
D:4 =

Annotations:
D:3 2 runed translucent doors, komi's ghost, amateur FoMo


Innate Abilities, Weirdness & Mutations

You have very sharp teeth.
Your uncanny sense of smell can sniff out nearby items.
Your experience applies equally to all skills.


Message History

The stone hits the wight but does no damage.
Unknown command.
Throw: 127 stones
Press: ? - help, Q - select action, (/) - cycle Shift-Dir - straight line, f/p - wight
Aim: a wight, wielding a +3 dire flail and wearing a +0 robe (62% to hit)
You throw a stone.
The stone hits the wight but does no damage.
Unknown command.
Throw: 126 stones
Press: ? - help, Q - select action, (/) - cycle Shift-Dir - straight line, f/p - wight
Aim: a wight, wielding a +3 dire flail and wearing a +0 robe (62% to hit)
You throw a stone. The stone hits the wight.
The wight is lightly damaged.
Unknown command.
You closely miss the wight. You bite the wight, but do no damage.
The wight is lightly damaged.
The wight hits you with a +3 dire flail.
You feel drained.
You barely miss the wight. You bite the wight, but do no damage.
The wight is lightly damaged.
The wight hits you with a +3 dire flail!
You feel drained.
You barely miss the wight.
The wight is lightly damaged.
The wight closely misses you.
You hit the wight.
The wight is lightly damaged.
You closely miss the wight.
The wight is lightly damaged.
The wight hits you with a +3 dire flail!
You feel drained.
You hit the wight.
The wight is moderately damaged.
The wight hits you with a +3 dire flail!
You closely miss the wight.
The wight is moderately damaged.
The wight hits you with a +3 dire flail!
* * * LOW HITPOINT WARNING * * *
You feel drained.
You die...

,,,,,******,,* *,* **,,,,,**
,,,,,* #.**##.### *,,,,,,*
,,,,,* #.###(...##*,,,*,,*
,,,,,** #..#.(....,,,,,*,**
,,,,,,****#.....(..#***,,,,,*
,*,,,,,**,,.....(..#*,,,***,*
**,,,,,,,,.,#......###.#***,*
,**,,,,**,#.#...z.......≈,,,*
***,,,,**##.#...@#,,,,,≈,≈,,*
***,,,,**#.......##**.≈..,≈,*
**,,,,,*,#........#*#≈..∩.,≈*
*,,,,,,,,.........#*..≈...≈,**
*,,,,,,,,........###...≈.≈,,,*
,,,,,,,,,........#......≈,,,,*
*,,,,,,,,................,,,,*
,,,**....8.8......)..###******
,,,**..................#


You could see a wight.

Vanquished Creatures
  Menkaure (D:4)
  A centaur (D:5)
  A phantom (D:4)
  A scorpion (D:4)
  A water moccasin skeleton (D:4)
  A jelly (D:4)
  An orc wizard (D:3)
  9 adders
  5 dart slugs
  3 worms
  4 orcs
  12 ball pythons
  5 endoplasms
  2 giant cockroaches
  6 goblins
  11 hobgoblins
  10 jackals
  4 kobolds
  3 quokkas
  4 bats
  4 rats
89 creatures vanquished.

Notes
Turn   | Place    | Note
-------+----------+-------------------------------------------
     0 | D:1      | ZARRMARR the Gnoll Wanderer began the quest for the Orb.
     0 | D:1      | ZARRMARR set off with the following items: a +2 hand axe, a
                  | +0 ring mail, a +0 hand crossbow, 24 bolts, a +0 dagger
     0 | D:1      | Reached XP level 1. HP: 23/23 MP: 1/1
   116 | D:1      | Reached XP level 2. HP: 27/29 MP: 2/2
   456 | D:1      | Reached XP level 3. HP: 35/35 MP: 3/3
   597 | D:1      | Reached skill level 1 in Invocations
  1252 | D:2      | Reached skill level 1 in Short Blades
  1252 | D:2      | Reached skill level 1 in Long Blades
  1252 | D:2      | Reached skill level 1 in Maces & Flails
  1252 | D:2      | Reached skill level 1 in Polearms
  1252 | D:2      | Reached skill level 1 in Staves
  1252 | D:2      | Reached skill level 1 in Slings
  1252 | D:2      | Reached skill level 1 in Bows
  1252 | D:2      | Reached skill level 1 in Throwing
  1252 | D:2      | Reached skill level 1 in Dodging
  1252 | D:2      | Reached skill level 1 in Shields
  1252 | D:2      | Reached skill level 1 in Unarmed Combat
  1252 | D:2      | Reached skill level 1 in Spellcasting
  1252 | D:2      | Reached skill level 1 in Evocations
  1411 | D:2      | Reached XP level 4. HP: 40/41 MP: 5/5
  1952 | D:2      | Reached skill level 1 in Conjurations
  1952 | D:2      | Reached skill level 1 in Hexes
  1952 | D:2      | Reached skill level 1 in Summonings
  1952 | D:2      | Reached skill level 1 in Necromancy
  1952 | D:2      | Reached skill level 1 in Translocations
  1952 | D:2      | Reached skill level 1 in Transmutations
  1952 | D:2      | Reached skill level 1 in Fire Magic
  1952 | D:2      | Reached skill level 1 in Ice Magic
  1952 | D:2      | Reached skill level 1 in Air Magic
  1952 | D:2      | Reached skill level 1 in Earth Magic
  1952 | D:2      | Reached skill level 1 in Poison Magic
  2766 | D:3      | Reached XP level 5. HP: 7/47 MP: 5/7
  3415 | D:3      | Found a large runed translucent door.
  3416 | D:3      | Found a large runed translucent door.
  3417 | D:3      | Noticed komi's ghost (amateur FoMo)
  3897 | D:4      | Found Jytengat's Jewellery Shop.
  3964 | D:4      | Reached XP level 6. HP: 27/53 MP: 8/8
  3969 | D:4      | Noticed Menkaure
  3983 | D:5      | Entered Level 5 of the Dungeon
  4371 | D:4      | Killed Menkaure
  4372 | D:4      | Reached skill level 5 in Axes
  4372 | D:4      | Reached skill level 5 in Armour
  4739 | D:4      | Reached XP level 7. HP: 48/59 MP: 10/10
  4876 | D:4      | Reached skill level 7 in Fighting
  6121 | D:4      | Found Jytengat's Jewellery Shop.
  6142 | D:4      | Slain by a wight

Illustrated notes

Levels and vault maps discovered:
D:1:      lightli_arrival_farm, layout_basic, minmay_three_crescents
D:2:      layout_loops_corners, lemuel_flame_loot_1
D:3:      layout_basic, ebering_ghost_disaster_area
D:4:      layout_cave_pools, serial_shops, nicolae_diamond_shop,
          serial_column_ruins, column_ruins_open_large, column_ruins_grid_1,
          column_ruins_open_tiny, column_ruins_columns_corner,
          column_ruins_open_medium, grunt_ministairs_1, uniq_menkaure
D:5:      layout_basic, uniq_grinder

Skill      XL: |  1  2  3  4  5  6  7 |
---------------+----------------------+-----
Invocations    | 1 2 |  2.8
Short Blades   | 1 2 |  2.5
Long Blades    | 1 2 |  2.5
Maces & Flails | 1 2 |  2.5
Polearms       | 1 2 |  2.5
Staves         | 1 2 |  2.5
Slings         | 1 2 |  2.5
Bows           | 1 2 |  2.5
Throwing       | 1 2 |  2.5
Dodging        | 1 2 |  2.5
Shields        | 1 2 |  2.5
Unarmed Combat | 1 2 |  2.5
Spellcasting   | 1 2 |  2.5
Evocations     | 1 2 |  2.5
Conjurations   | 1 2 |  2.0
Hexes          | 1 2 |  2.0
Summonings     | 1 2 |  2.0
Necromancy     | 1 2 |  2.0
Translocations | 1 2 |  2.0
Transmutations | 1 2 |  2.0
Fire Magic     | 1 2 |  2.0
Ice Magic      | 1 2 |  2.0
Air Magic      | 1 2 |  2.0
Earth Magic    | 1 2 |  2.0
Poison Magic   | 1 2 |  2.0
Crossbows      | 3 |  3.6
Axes           | 5 |  5.2
Armour         | 5 |  5.2
Fighting       | 7 |  7.0
Stealth        | |  4.9

Action                   |  1- 3 |  4- 6 |  7- 9 || total
-------------------------+-------+-------+-------++-------
Melee: Hand axe          |    39 |       |       ||    39
       Dagger            |    30 |   183 |    66 ||   279
       Bite              |     2 |    10 |     7 ||    19
 Fire: Hand crossbow     |    24 |       |       ||    24
Throw: Dart              |     6 |    13 |     3 ||    22
       Boomerang         |       |    40 |    17 ||    57
       Stone             |       |       |     5 ||     5
  Use: Scroll            |     2 |     2 |     2 ||     6
       Potion            |       |     1 |       ||     1
 Stab: Sleeping          |     2 |     5 |       ||     7
Armor: Ring mail         |    18 |    68 |    37 ||   123
       Skin              |       |    11 |       ||    11
Dodge: Dodged            |    32 |    57 |    38 ||   127
